 Dungeon Crawl Stone Soup version 0.23.1 (webtiles) character file.

Game seed: 6944286189453320327

74 Borgoz the Sneak (level 4, -3/35 HPs)
             Began as a Ghoul Enchanter on Mar 4, 2019.
             Slain by a gnoll
             ... wielding a +0 whip
              (10 damage)
             ... on level 3 of the Dungeon.
             The game lasted 00:02:46 (1746 turns).

Borgoz the Sneak (Ghoul Enchanter)                  Turns: 1746, Time: 00:02:47

Health: -3/35      AC:  2    Str: 11    XL:     4   Next: 30%
Magic:  1/5        EV: 12    Int: 11    God:
Gold:   100        SH:  0    Dex:  9    Spells: 3/6 levels left

rFire    . . .     SeeInvis .   a - +1 dagger
rCold    + . .     Gourm    .   (no shield)
rNeg     + + +     Faith    .   b - +0 robe
rPois    ∞         Spirit   .   (no helmet)
rElec    .         Reflect  .   (no cloak)
rCorr    .         Harm     .   (no gloves)
MR       .....                  (no boots)
Stlth    ++........             (no amulet)
HPRegen  0.00/turn              (no ring)
MPRegen  0.09/turn              (no ring)

@: rotting
A: rotting body, claws 1, carnivore, cold resistance 1, negative energy
resistance 3, inhibited regeneration, torment resistance, unbreathing
a: no special abilities


You were on level 3 of the Dungeon.
You were not hungry.

You visited 1 branch of the dungeon, and saw 4 of its levels.

You collected 100 gold pieces.

Inventory:

Hand Weapons
 a - a +1 dagger (weapon)
Missiles
 k - 15 arrows
 l - 4 tomahawks (quivered)
Armour
 b - a +0 robe (worn)
Jewellery
 m - an uncursed ring of poison resistance {unknown}
 o - a cursed amulet of magic regeneration {unknown}
Scrolls
 e - a scroll of magic mapping {unknown}
 f - a scroll of random uselessness {unknown}
 i - 4 scrolls of remove curse {unknown}
 n - a scroll of identify {unknown}
 p - a scroll of fog {unknown}
Potions
 c - a potion of degeneration {unknown}
 g - a potion of curing {unknown}
 j - a potion of heal wounds {unknown}
 q - 2 potions of resistance {unknown}
 r - a potion of ambrosia {unknown}
Comestibles
 d - 3 rations
 h - 4 chunks of flesh


   Skills:
 + Level 1.3 Fighting
 * Level 2.0 Short Blades
 * Level 2.1 Dodging
 + Level 4.0 Stealth
 + Level 1.9 Spellcasting
 + Level 2.8 Hexes


You had 3 spell levels left.
You knew the following spells:

 Your Spells              Type           Power        Failure   Level  Hunger
a - Corona                Hex            #......      10%         1    ##.....
b - Ensorcelled Hibernat  Hex/Ice        #.....       26%         2    ###....

Your spell library contained the following spells:

 Spells                   Type           Power        Failure   Level  Hunger
 Confuse                  Hex            #.......     28%         3    ####...
 Tukima's Dance           Hex            #.......     28%         3    ####...
 Dazzling Spray           Conj/Hex       #.....       45%         3    ####...


Dungeon Overview and Level Annotations

Branches:
Dungeon (4/15)
 Temple: D:4-7

Altars:
Makhleb


Innate Abilities, Weirdness & Mutations

Your body is rotting away.
You thrive on raw meat.
You are immune to poison.
You have sharp fingernails.
You are carnivorous and can eat meat at any time.
Your flesh is cold resistant. (rC+)
You are immune to negative energy. (rN+++)
You do not regenerate when monsters are visible.
You are immune to unholy pain and torment.
You can survive without breathing.


Message History

The gnoll resists with some effort.
The gnoll hits you with a +0 whip.
The quokka bites you but does no damage.
Casting: Ensorcelled Hibernation (safe; 26% risk of failure)
Confirm with . or Enter, or press ? or * to list all spells.
Aiming: Ensorcelled Hibernation (safe; 26% risk of failure)
Press: ? - help, Shift-Dir - straight line, f/p - gnoll
Aim: a gnoll, wielding a +0 whip (chance to defeat MR: 45%)
The gnoll resists with some effort.
The gnoll hits you with a +0 whip! The quokka bites you.
You hit the quokka.
The quokka is severely wounded.
The gnoll closely misses you. The quokka closely misses you.
You hit the quokka.
The quokka is almost dead.
The quokka closely misses you. The gnoll hits you with a +0 whip.
* * * LOW HITPOINT WARNING * * *
You barely miss the quokka.
The quokka is almost dead.
The quokka barely misses you. The gnoll hits you with a +0 whip!
You die...

. . ####. #....
##############....
#@g...............
#########r############....
#.....#...............#...
#.###.#.#.#####.......#÷..
#.#...#.#.#####.####).....
#.#.#<#...................
#.#.#.#...................
#.#.#.#...........###.....
#.#.#.#...................


You could see a gnoll and a quokka.

Vanquished Creatures
  A hound (D:2)
  An adder (D:2)
  3 giant cockroaches
  7 goblins
  6 hobgoblins
  A quokka (D:2)
  2 bats (D:1)
  2 frilled lizards (D:2)
  4 kobolds
  7 rats
34 creatures vanquished.

Notes
Turn   | Place    | Note
-------+----------+-------------------------------------------
     0 | D:1      | Borgoz the Ghoul Enchanter began the quest for the Orb.
     0 | D:1      | Reached XP level 1. HP: 14/14 MP: 2/2
   250 | D:1      | Reached skill level 1 in Short Blades
   489 | D:1      | Reached XP level 2. HP: 16/20 MP: 3/3
   952 | D:1      | Learned a level 2 spell: Ensorcelled Hibernation
  1392 | D:2      | Reached XP level 3. HP: 23/27 MP: 4/4
  1529 | D:2      | Found a burning altar of Makhleb.
  1541 | D:2      | Reached skill level 1 in Fighting
  1541 | D:2      | Reached XP level 4. HP: 7/35 MP: 1/5
  1696 | D:3      | Reached skill level 4 in Stealth
  1746 | D:3      | Slain by a gnoll

Skill      XL: |  1  2  3  4 |
---------------+-------------+-----
Short Blades   | 1 2 |  2.0
Dodging        | 2 |  2.1
Fighting       | 1 |  1.3
Stealth        | 4 |  4.0
Spellcasting   | |  1.9
Hexes          | |  2.8

Action                   |  1- 3 |  4- 6 || total
-------------------------+-------+-------++-------
Melee: Dagger            |    84 |    30 ||   114
 Cast: Corona            |     2 |       ||     2
       Ensorcelled Hiber |     2 |     2 ||     4
 Stab: Sleeping          |     5 |     2 ||     7
  Eat: Chunk             |     4 |     8 ||    12
Armor: Robe              |    12 |     5 ||    17
Dodge: Dodged            |    53 |    19 ||    72
